 Dungeon Crawl Stone Soup version 0.21-a0-519-gb765982 (webtiles) character file.

1602 slep the Chopper (level 8, -6/61 HPs)
             Began as a Demonspawn Monk on Dec 5, 2017.
             Was an Elder of Okawaru.
             Mangled by an orc wizard
             ... wielding a +0 battleaxe
              (10 damage)
             ... on level 7 of the Dungeon.
             The game lasted 00:26:42 (6687 turns).

slep the Chopper (Demonspawn Monk)                  Turns: 6687, Time: 00:26:50

Health: -6/61      AC:  9    Str: 17      XL:     8   Next: 62%
Magic:  0/8        EV: 11    Int: 10 (11) God:    Okawaru [****..]
Gold:   200        SH:  5    Dex: 16 (17) Spells: 7/7 levels left

rFire    . . .     SeeInvis +   a - +0 hand axe
rCold    . . .     Gourm    .   h - +0 buckler
rNeg     . . .     Faith    .   g - +0 ring mail
rPois    .         Spirit   +   (no helmet)
rElec    .         Reflect  .   E - scarf {Spirit}
rCorr    .         Harm     .   p - +0 pair of gloves
MR       .....                  (no boots)
Stlth    ++........             (no amulet)
HPRegen  0.20/turn              F - -2 ring of evasion (curse)
MPRegen  0.11/turn              w - ring of see invisible

@: no status effects
A: claws 1, molten scales 1, agile 1, strong 1
a: Heroism, Renounce Religion


You were on level 7 of the Dungeon.
You worshipped Okawaru.
Okawaru was greatly pleased with you.
You were not hungry.

You visited 2 branches of the dungeon, and saw 8 of its levels.

You collected 257 gold pieces.
You spent 57 gold pieces at shops.

Inventory:

Hand Weapons
 a - a +0 hand axe (weapon)
 d - a +0 dagger of venom
 A - a +2 whip of venom
Armour
 b - a +0 robe
 g - a +0 ring mail (worn)
 h - a +0 buckler (worn)
 p - a +0 pair of gloves (worn)
 q - a +0 cloak
 E - a scarf of spirit shield (worn)
Jewellery
 n - an uncursed ring of resist corrosion
 w - a ring of see invisible (right hand)
 B - an uncursed ring of wizardry
 F - a cursed -2 ring of evasion (left hand)
Scrolls
 f - 3 scrolls of fog {unknown}
 j - a scroll of enchant armour {unknown}
 k - 4 scrolls of remove curse {unknown}
 l - a scroll of amnesia {unknown}
 m - a scroll of magic mapping {unknown}
 s - 5 scrolls of identify {unknown}
 t - 2 scrolls of teleportation {unknown}
 u - 2 scrolls of noise {unknown}
 y - 2 scrolls of random uselessness {unknown}
Potions
 e - a potion of curing
 r - a potion of flight
 x - 2 potions of heal wounds
 z - a potion of ambrosia
 D - a potion of lignification {unknown}
Comestibles
 c - 4 bread rations
 i - 2 meat rations
 o - 4 fruits
 v - 3 royal jellies
 C - a chunk of flesh


   Skills:
 + Level 4.9 Fighting
 + Level 6.7 Axes
 + Level 4.1 Armour
 + Level 4.9 Dodging
 + Level 3.0 Stealth
 + Level 2.4 Shields


You had 7 spell levels left.
You didn't know any spells.

Dungeon Overview and Level Annotations

Branches:
Dungeon (7/15)             Temple (1/1) D:4

Altars:
Ashenzari
Cheibriados
Dithmenos
Elyvilon
Fedhas
Gozag
Hepliaklqana
Kikubaaqudgha
Makhleb
Nemelex Xobeh
Okawaru
Ru
Trog
Vehumet
Wu Jian
Xom
Yredelemnul
Zin
The Shining One

Shops:
D:6 *

Annotations:
D:6 1 runed door


Innate Abilities, Weirdness & Mutations

You have sharp fingernails.
You are partially covered in molten scales. (AC +2)
You are agile. (Dex +2)
Your muscles are strong. (Str +2)


Message History

You feel sick. The orc barely misses you.
You feel better. The iguana misses you.
You barely miss the orc wizard. You hit the iguana. The iguana misses you.
You barely miss the orc wizard. You hit the iguana but do no damage.
The iguana bites you.
* * * LOW HITPOINT WARNING * * *
You barely miss the orc.
The orc is severely wounded.
You closely miss the orc wizard. You hit the iguana.
You block the iguana's attack.
The orc wizard hits you but does no damage.
The orc barely misses you.
You hit the orc.
You kill the orc!
Okawaru accepts your kill.
You hit the iguana but do no damage. You barely miss the orc wizard.
The iguana bites you.
* * * LOW HITPOINT WARNING * * *
The orc wizard hits you with a battleaxe!
You die...

###......)))...## #
##......).....## #
##...#######..##### .
#..## #....... ..
#..## ##....## #..
#...##########.##
#..##
#...........##..#
#...##o......###'###.#
#..so@#####.#♣♣.♣♣#.#
#...l## #.#♣.#.♣#.#
#...o## #.+.#♣#.'.#
....... ###♣.#.♣###
>...._# ♣♣.♣♣ ......
#+# ...... .#.... ###.


You could see a scorpion, an iguana, an orc wizard and 2 orcs.

Vanquished Creatures
  A phantom (D:7)
  An orc warrior (D:6)
  A sky beast (D:6)
  2 black bears (D:6)
  An ogre (D:5)
  2 centaurs (D:6)
  3 bullfrogs (D:6)
  A vampire bat (D:5)
  A howler monkey (D:4)
  4 crimson imps
  A bullfrog zombie (D:6)
  A centaur zombie (D:5)
  A hound (D:4)
  3 orc wizards
  A bullfrog skeleton (D:7)
  An iguana (D:6)
  2 worker ants
  A hound zombie (D:6)
  A hound skeleton (D:4)
  3 gnolls (D:6)
  2 adders
  A shadow imp (D:6)
  2 oozes
  2 worms
  4 dart slugs
  6 leopard geckos
  20 orcs
  7 giant cockroaches
  6 goblins
  6 hobgoblins
  16 jackals
  4 quokkas
  13 bats
  7 frilled lizards
  A jackal zombie (D:6)
  8 kobolds
  A kobold skeleton (D:6)
  A leopard gecko skeleton (D:6)
  A quokka skeleton (D:2)
  10 rats
  A bush (D:1)
151 creatures vanquished.

Notes
Turn   | Place    | Note
-------+----------+-------------------------------------------
     0 | D:1      | slep the Demonspawn Monk began the quest for the Orb.
     0 | D:1      | Reached XP level 1. HP: 18/18 MP: 1/1
    74 | D:1      | Gained mutation: You are partially covered in molten scales. (AC +2) [demonic ancestry]
    74 | D:1      | Reached XP level 2. HP: 7/24 MP: 2/2
    97 | D:1      | Reached skill level 3 in Axes
   716 | D:1      | Reached XP level 3. HP: 29/29 MP: 3/3
  1480 | D:2      | Found a radiant altar of Vehumet.
  1917 | D:2      | Reached XP level 4. HP: 32/35 MP: 4/4
  2436 | D:4      | Found a staircase to the Ecumenical Temple.
  2446 | Temple   | Entered the Ecumenical Temple
  2612 | Temple   | Became a worshipper of Warmaster Okawaru
  2612 | Temple   | Reached * piety under Okawaru
  2612 | Temple   | Reached ** piety under Okawaru
  2760 | D:4      | Reached skill level 4 in Axes
  2760 | D:4      | Reached XP level 5. HP: 28/42 MP: 5/5
  2879 | D:4      | Reached skill level 1 in Armour
  2992 | D:4      | Found a blossoming altar of Fedhas.
  3346 | D:5      | Entered Level 5 of the Dungeon
  3379 | D:5      | Gained mutation: You have sharp fingernails. [demonic ancestry]
  3379 | D:5      | Reached XP level 6. HP: 45/48 MP: 6/6
  3552 | D:5      | Found a bloodstained altar of Trog.
  4170 | D:6      | Found Reoroud's Assorted Antiques.
  4179 | D:6      | Bought a murky sapphire potion for 18 gold pieces
  4179 | D:6      | Bought a scroll labeled GUXEPR TAQIAXAKI for 21 gold pieces
  4179 | D:6      | Bought a puce potion for 18 gold pieces
  4269 | D:6      | Reached *** piety under Okawaru
  4269 | D:6      | Reached skill level 5 in Axes
  4269 | D:6      | Reached XP level 7. HP: 46/54 MP: 7/7
  4436 | D:6      | Reached skill level 1 in Shields
  4821 | D:6      | Found an ornate altar of the Wu Jian Council.
  5220 | D:6      | Found a white marble altar of Elyvilon.
  5261 | D:6      | Found a runed door.
  5261 | D:6      | Noticed a human
  5266 | D:6      | Found a basalt altar of Yredelemnul.
  5310 | D:6      | Gained mutation: Your muscles are strong. (Str +2) [potion of mutation]
  5310 | D:6      | Gained mutation: You are agile. (Dex +2) [potion of mutation]
  5326 | D:6      | Reached XP level 8. HP: 19/61 MP: 8/8
  5348 | D:6      | Reached skill level 6 in Axes
  5625 | D:6      | Reached **** piety under Okawaru
  5945 | D:6      | HP: 3/61 [poisoned by a crimson imp]
  5951 | D:6      | HP: 3/61 [poisoned by a crimson imp]
  5953 | D:6      | HP: 1/61 [poisoned by a crimson imp]
  6594 | D:7      | Found a shattered altar of Ashenzari.
  6655 | D:7      | Found an opulent altar of Gozag.
  6681 | D:7      | HP: 2/61 [scorpion (3)]
  6687 | D:7      | Mangled by an orc wizard

Vault maps used:
D:1:      lightli_arrival_noodles, serial_forest,
          infiniplex_forest_clump_double, infiniplex_forest_lined_ring,
          infiniplex_forest_end_1, infiniplex_forest_clump_cross,
          infiniplex_forest_end_2, lemuel_another_geyser
D:2:      vehumet_crystals
D:4:      kennysheep_mini, minmay_temple_entry_crystal_x, first_bread
D:5:      roderic_batcave, trog_butcher_becter
D:6:      overflow_temple_1_default, lemuel_doored_altar, serial_shops,
          nicolae_shop_overgrown_old_shop, dk_yredelemnul_ordeal
D:7:      overflow_temple_1_default, kennysheep_mini_moat,
          overflow_temple_1_default, kennysheep_generic_room_13
Temple:   minmay_temple_forest_path

Skill      XL: |  1  2  3  4  5  6  7  8 |
---------------+-------------------------+-----
Axes           | 3 4 5 6 |  6.7
Dodging        | 3 4 |  4.9
Stealth        | 2 3 |  3.0
Armour         | 1 2 3 4 |  4.1
Fighting       | 4 |  4.9
Shields        | 1 2 |  2.4

Action                   |  1- 3 |  4- 6 |  7- 9 || total
-------------------------+-------+-------+-------++-------
Melee: Hand axe          |   320 |   278 |   477 ||  1075
  Use: Potion            |       |       |    14 ||    14
 Stab: Sleeping          |     5 |     3 |     1 ||     9
  Eat: Chunk             |     3 |     7 |    11 ||    21
Armor: Robe              |    19 |       |       ||    19
       Ring mail         |    37 |   116 |   174 ||   327
Dodge: Dodged            |   108 |   164 |   277 ||   549
Block: Buckler           |    11 |    35 |   101 ||   147

Table legend:
 A = Spawn XP
 B = Non-spawn XP
 C = Spawn XP percentage of total XP
 D = Spawn monster count
 E = Non-spawn monster count
 F = Spawn count percentage of total count
 G = Total turns spent on level
                    A         B        C        D         E        F      G
               +---------+---------+-------+---------+---------+-------+---------
         Total |       0 |    2289 |   0.0 |       0 |     150 |   0.0 |  6687
               +---------+---------+-------+---------+---------+-------+---------
           D:1 |       0 |      48 |   0.0 |       0 |      25 |   0.0 |  1307
           D:2 |       0 |      52 |   0.0 |       0 |      22 |   0.0 |   658
           D:3 |       0 |      60 |   0.0 |       0 |      27 |   0.0 |   464
           D:4 |       0 |     212 |   0.0 |       0 |      11 |   0.0 |   640
           D:5 |       0 |     281 |   0.0 |       0 |      16 |   0.0 |   794
           D:6 |       0 |    1370 |   0.0 |       0 |      37 |   0.0 |  1879
           D:7 |       0 |     266 |   0.0 |       0 |      12 |   0.0 |   668
               +---------+---------+-------+---------+---------+-------+---------
